details: 'stoop kids'

« prev index next »

General information

Mini Map

Players

team 1
Orce1000e (blue | 74 APM | 3220 actions | 43:33)
Hero icon 5 Blademaster
Ability icon 2 Wind Walk
Ability icon 3 Critical Strike
Hero icon 4 Shadow Hunter
Ability icon 2 Hex
Ability icon 2 Healing Wave
Hero icon 2 Tauren Chieftain
Ability icon 1 Endurance Aura
Ability icon 1 War Stomp

» actions
Assign group hotkey6
Basic commands96
Build / train125
Enter build submenu24
Enter hero's abilities submenu11
Give item / drop item8
Remove unit from queue4
Right click1884
Select / deselect877
Select group hotkey8
Use ability176
3220 total
» units
Peon19
Grunt6
Raider5
Spirit Walker4
Kodo Beast4
Troll Witch Doctor6
Shaman5
Wind Rider6
Troll Batrider2
Giant Sea Turtle1
Makrura Snapper1
Mur'gul Snarecaster1
Makrura Deepseer1
61 total
» upgrades
Spiked Barricades1
Spirit Walker Training2
Ensnare1
Melee Weapons2
Witch Doctor Training2
Reinforced Defenses1
Berserker Strength1
Armor3
Shaman Training2
Ranged Weapons2
Envenomed Spears1
Liquid Fire1
War Drums Damage Increase1
20 total
» buildings
Altar of Storms2
Orc Burrow7
Barracks1
Voodoo Lounge2
Stronghold3
War Mill1
Spirit Lodge2
Beastiary2
Fortress1
Great Hall1
Watch Tower1
23 total
» build order
00:03 Altar of Storms
00:09 Orc Burrow
01:11 Barracks
01:23 Orc Burrow
01:50 Voodoo Lounge
01:53 Voodoo Lounge
03:36 Stronghold
03:36 Stronghold
03:37 Stronghold
04:18 War Mill
04:57 Orc Burrow
05:15 Orc Burrow
06:06 Spirit Lodge
06:17 Beastiary
07:43 Fortress
09:20 Great Hall
09:46 Orc Burrow
11:44 Beastiary
11:51 Spirit Lodge
16:10 Orc Burrow
19:45 Watch Tower
21:01 Orc Burrow
41:18 Altar of Storms
» items
Healing Salve6
Lesser Clarity Potion4
Scroll of Speed4
Circlet of Nobility1
Orb of Lightning1
Scroll of Town Portal3
Staff of Teleportation1
20 total
Random» OrcStormBlessed (red | 46 APM | 2144 actions | 46:11)
Hero icon 4 Tauren Chieftain
Ability icon 2 War Stomp
Ability icon 2 Endurance Aura
Hero icon 4 Shadow Hunter
Ability icon 2 Hex
Ability icon 2 Healing Wave
Hero icon 3 Blademaster
Ability icon 1 Wind Walk
Ability icon 2 Critical Strike

» actions
Assign group hotkey246
Basic commands153
Build / train82
Enter build submenu33
Enter hero's abilities submenu11
Give item / drop item1
Remove unit from queue4
Right click414
Select / deselect266
Select group hotkey815
Use ability119
2144 total
» units
Peon13
Tauren11
Shaman6
Wind Rider4
34 total
» upgrades
Armor3
Melee Weapons3
Pulverize1
Spiked Barricades3
Witch Doctor Training0
Shaman Training2
Reinforced Defenses1
Ranged Weapons2
Envenomed Spears1
16 total
» buildings
Orc Burrow10
Altar of Storms1
War Mill1
Stronghold1
Voodoo Lounge2
Watch Tower8
Fortress1
Tauren Totem2
Great Hall1
Spirit Lodge1
Beastiary2
30 total
» build order
00:22 Orc Burrow
00:27 Altar of Storms
01:28 War Mill
01:55 Orc Burrow
02:21 Stronghold
03:01 Voodoo Lounge
03:22 Watch Tower
03:30 Watch Tower
03:45 Orc Burrow
03:49 Orc Burrow
05:16 Fortress
06:29 Orc Burrow
06:49 Orc Burrow
06:59 Orc Burrow
08:19 Tauren Totem
08:22 Tauren Totem
09:53 Great Hall
13:21 Watch Tower
13:23 Watch Tower
13:26 Watch Tower
13:30 Watch Tower
14:30 Orc Burrow
16:09 Orc Burrow
16:13 Watch Tower
17:05 Spirit Lodge
18:08 Watch Tower
28:18 Beastiary
28:24 Beastiary
30:22 Orc Burrow
34:29 Voodoo Lounge
» items
Healing Salve4
Lesser Clarity Potion1
Potion of Healing2
Orb of Lightning1
Scroll of Town Portal4
Boots of Speed1
13 total
HumanGaynigsoutrspac (green | 93 APM | 5673 actions | 61:09)
Hero icon 8 Archmage
Ability icon 3 Summon Water Elemental
Ability icon 3 Brilliance Aura
Ability icon 1 Mass Teleport
Ability icon 1 Blizzard
Hero icon 6 Mountain King
Ability icon 3 Storm Bolt
Ability icon 2 Bash
Ability icon 1 Avatar
Hero icon 6 Goblin Alchemist
Ability icon 3 Chemical Rage
Ability icon 2 Acid Bomb
Ability icon 1 Transmute

» actions
Assign group hotkey116
Basic commands294
Build / train277
ESC pressed11
Enter build submenu73
Enter hero's abilities submenu20
Give item / drop item15
Remove unit from queue1
Right click1601
Select / deselect1122
Select group hotkey1678
Use ability464
5673 total
» units
Peasant22
Footman6
Rifleman9
Goblin Shredder3
Goblin Zeppelin15
Priest8
Siege Engine2
Sorceress6
Mortar Team3
Spell Breaker5
Gryphon Rider2
Flying Machine1
82 total
» upgrades
Gunpowder3
Masonry4
Long Rifles1
Armor3
Fragmentation Shards1
Flare1
Plating3
Barrage1
Priest Training2
Sorceress Training2
Lumber Harvesting2
Swords4
Control Magic1
Animal War Training1
Storm Hammers1
Cloud1
Magic Sentry1
Flak Cannons1
Flying Machine Bombs1
34 total
» buildings
Altar of Kings1
Barracks1
Farm14
Arcane Vault1
Lumber Mill1
Blacksmith2
Keep4
Scout Tower46
Town Hall3
Arcane Tower7
Castle4
Guard Tower61
Workshop4
Arcane Sanctum2
Gryphon Aviary2
153 total
» build order
01:04 Altar of Kings
01:05 Barracks
01:07 Farm
01:08 Farm
01:26 Farm
01:48 Farm
02:21 Arcane Vault
02:46 Lumber Mill
03:20 Blacksmith
03:22 Blacksmith
04:07 Keep
04:07 Keep
05:17 Scout Tower
05:21 Scout Tower
05:33 Town Hall
05:37 Scout Tower
05:39 Scout Tower
05:40 Scout Tower
05:46 Arcane Tower
05:46 Arcane Tower
05:47 Arcane Tower
05:47 Arcane Tower
05:47 Arcane Tower
07:03 Castle
07:03 Castle
08:09 Town Hall
08:10 Scout Tower
08:12 Scout Tower
08:14 Scout Tower
08:17 Scout Tower
08:39 Arcane Tower
08:39 Arcane Tower
08:39 Guard Tower
08:39 Guard Tower
08:39 Guard Tower
09:11 Guard Tower
09:11 Guard Tower
10:40 Scout Tower
10:43 Scout Tower
11:05 Workshop
11:32 Guard Tower
11:32 Guard Tower
11:32 Guard Tower
12:30 Workshop
12:43 Farm
12:46 Arcane Sanctum
14:06 Farm
14:09 Arcane Sanctum
14:48 Scout Tower
14:48 Scout Tower
14:50 Scout Tower
14:52 Scout Tower
14:53 Scout Tower
15:22 Town Hall
15:24 Scout Tower
15:25 Scout Tower
15:25 Scout Tower
15:26 Scout Tower
15:30 Scout Tower
15:31 Scout Tower
15:37 Guard Tower
15:37 Guard Tower
15:54 Guard Tower
15:54 Guard Tower
15:54 Guard Tower
15:55 Guard Tower
15:55 Guard Tower
15:56 Guard Tower
15:56 Guard Tower
15:56 Guard Tower
15:56 Guard Tower
16:13 Scout Tower
16:16 Farm
16:16 Farm
16:31 Guard Tower
16:31 Guard Tower
16:31 Guard Tower
16:31 Guard Tower
16:31 Guard Tower
18:07 Scout Tower
18:08 Scout Tower
18:09 Scout Tower
18:15 Scout Tower
18:16 Scout Tower
18:18 Scout Tower
18:22 Scout Tower
18:55 Guard Tower
18:56 Guard Tower
18:59 Guard Tower
18:59 Guard Tower
18:59 Guard Tower
19:01 Keep
19:01 Keep
19:09 Guard Tower
19:10 Guard Tower
19:21 Guard Tower
19:21 Guard Tower
19:24 Scout Tower
19:33 Scout Tower
19:37 Scout Tower
19:53 Guard Tower
19:53 Guard Tower
20:00 Guard Tower
20:01 Guard Tower
20:01 Guard Tower
20:02 Scout Tower
20:10 Guard Tower
20:10 Guard Tower
20:10 Guard Tower
22:48 Castle
22:48 Castle
24:52 Gryphon Aviary
24:54 Gryphon Aviary
24:59 Workshop
26:01 Workshop
42:34 Scout Tower
42:35 Scout Tower
42:36 Scout Tower
42:39 Scout Tower
42:41 Scout Tower
42:42 Scout Tower
42:43 Scout Tower
42:45 Scout Tower
42:47 Scout Tower
42:48 Scout Tower
43:13 Guard Tower
43:13 Guard Tower
43:15 Guard Tower
43:15 Guard Tower
43:15 Guard Tower
43:24 Guard Tower
43:24 Guard Tower
43:42 Guard Tower
43:42 Guard Tower
43:42 Guard Tower
43:45 Guard Tower
43:46 Guard Tower
43:51 Scout Tower
43:55 Scout Tower
43:56 Guard Tower
43:57 Guard Tower
43:57 Guard Tower
44:23 Guard Tower
44:23 Guard Tower
44:23 Guard Tower
44:46 Guard Tower
44:47 Guard Tower
53:00 Farm
53:00 Farm
53:01 Farm
53:02 Farm
53:26 Farm
53:27 Farm
» items
Scroll of Regeneration7
Mechanical Critter7
Potion of Lesser Invulnerability3
Boots of Speed3
Scroll of Protection1
Periapt of Vitality3
Scroll of Town Portal8
Staff of Sanctuary1
Orb of Lightning2
Staff of Teleportation2
Circlet of Nobility1
Potion of Healing4
Ivory Tower1
43 total
OrcCaptainBooger (teal | 66 APM | 4062 actions | 61:11)
Hero icon 10 Blademaster
Ability icon 3 Wind Walk
Ability icon 3 Critical Strike
Ability icon 1 Bladestorm
Ability icon 3 Mirror Image

» actions
Assign group hotkey37
Basic commands68
Build / train128
Enter build submenu62
Enter hero's abilities submenu10
Give item / drop item17
Remove unit from queue5
Right click2085
Select / deselect584
Select group hotkey812
Use ability254
4062 total
» units
Peon18
Grunt6
Goblin Shredder2
Troll Batrider8
Blue Dragon5
Goblin Zeppelin2
Goblin Sapper8
Wind Rider9
58 total
» upgrades
Reinforced Defenses1
Armor3
Ranged Weapons3
Troll Regeneration1
Liquid Fire1
Envenomed Spears1
Spiked Barricades3
Pillage1
Ensnare1
15 total
» buildings
Orc Burrow6
Altar of Storms1
Barracks1
Voodoo Lounge3
Stronghold1
Great Hall3
War Mill2
Watch Tower54
Fortress1
Beastiary5
77 total
» build order
00:13 Orc Burrow
00:53 Altar of Storms
00:54 Barracks
01:04 Orc Burrow
02:04 Voodoo Lounge
02:51 Stronghold
04:15 Orc Burrow
04:39 Great Hall
04:57 War Mill
06:32 Watch Tower
06:32 Watch Tower
06:33 Watch Tower
06:33 Watch Tower
08:33 Fortress
10:25 Beastiary
10:26 Beastiary
10:27 Beastiary
13:55 War Mill
14:04 Watch Tower
14:05 Watch Tower
14:06 Watch Tower
14:06 Watch Tower
14:08 Watch Tower
14:08 Watch Tower
17:07 Great Hall
17:10 Watch Tower
17:10 Watch Tower
17:11 Watch Tower
17:11 Watch Tower
17:39 Voodoo Lounge
31:05 Great Hall
31:09 Watch Tower
31:09 Watch Tower
31:10 Watch Tower
31:10 Watch Tower
31:11 Watch Tower
31:12 Watch Tower
31:12 Watch Tower
31:13 Watch Tower
31:17 Voodoo Lounge
32:29 Watch Tower
32:29 Watch Tower
32:30 Watch Tower
32:31 Watch Tower
32:33 Watch Tower
32:34 Watch Tower
32:34 Watch Tower
32:35 Watch Tower
32:56 Watch Tower
32:58 Watch Tower
33:00 Watch Tower
40:07 Watch Tower
40:07 Watch Tower
40:08 Watch Tower
40:09 Watch Tower
40:09 Watch Tower
40:10 Watch Tower
41:53 Watch Tower
41:56 Watch Tower
41:57 Watch Tower
42:59 Watch Tower
43:09 Watch Tower
43:10 Watch Tower
43:11 Watch Tower
43:11 Watch Tower
43:14 Watch Tower
43:15 Watch Tower
43:16 Watch Tower
43:17 Watch Tower
49:10 Watch Tower
49:11 Watch Tower
50:11 Watch Tower
52:26 Orc Burrow
52:28 Orc Burrow
52:30 Orc Burrow
53:57 Beastiary
53:59 Beastiary
» items
Healing Salve4
Dust of Appearance1
Potion of Mana9
Lesser Clarity Potion8
Scroll of Town Portal4
Orb of Lightning1
Potion of Healing7
Periapt of Vitality1
35 total
team 2
HumanShaggyDI (pink | 42 APM | 2459 actions | 58:33)
Hero icon 8 Mountain King
Ability icon 3 Storm Bolt
Ability icon 3 Bash
Ability icon 1 Avatar
Ability icon 1 Thunder Clap
Hero icon 6 Paladin
Ability icon 3 Holy Light
Ability icon 2 Divine Shield
Ability icon 1 Resurrection

» actions
Assign group hotkey3
Basic commands81
Build / train179
ESC pressed3
Enter build submenu51
Enter hero's abilities submenu15
Give item / drop item14
Right click992
Select / deselect829
Select group hotkey11
Use ability281
2459 total
» units
Peasant35
Rifleman31
Goblin Zeppelin2
Goblin Shredder2
Mortar Team2
Blue Dragon Whelp1
Blue Drake1
74 total
» upgrades
Gunpowder3
Armor3
Long Rifles1
Lumber Harvesting2
Masonry3
Fragmentation Shards1
Flare1
14 total
» buildings
Farm24
Blacksmith2
Altar of Kings2
Barracks2
Arcane Vault2
Keep2
Lumber Mill3
Castle2
Town Hall4
Scout Tower59
Workshop3
Arcane Tower1
Guard Tower30
136 total
» build order
01:04 Farm
01:06 Blacksmith
01:07 Altar of Kings
01:09 Barracks
01:34 Farm
02:14 Farm
02:48 Farm
03:02 Farm
04:29 Farm
05:01 Arcane Vault
05:53 Keep
05:55 Lumber Mill
05:59 Farm
06:55 Farm
09:40 Castle
15:53 Town Hall
18:23 Scout Tower
18:23 Scout Tower
18:24 Scout Tower
18:25 Scout Tower
18:28 Scout Tower
18:28 Scout Tower
18:29 Scout Tower
18:29 Scout Tower
18:57 Workshop
18:58 Workshop
19:01 Arcane Tower
19:25 Guard Tower
19:38 Guard Tower
19:42 Scout Tower
19:43 Scout Tower
19:44 Scout Tower
19:45 Guard Tower
20:11 Guard Tower
20:41 Guard Tower
20:44 Scout Tower
20:44 Scout Tower
20:45 Scout Tower
20:46 Scout Tower
21:12 Guard Tower
21:46 Guard Tower
23:01 Guard Tower
23:04 Scout Tower
23:04 Scout Tower
23:05 Scout Tower
23:15 Town Hall
23:19 Scout Tower
23:20 Scout Tower
23:20 Scout Tower
23:21 Scout Tower
23:22 Scout Tower
23:22 Scout Tower
23:23 Scout Tower
23:29 Scout Tower
23:29 Scout Tower
23:30 Scout Tower
23:31 Scout Tower
23:31 Scout Tower
23:32 Scout Tower
23:33 Scout Tower
25:01 Guard Tower
25:14 Guard Tower
25:16 Guard Tower
25:16 Guard Tower
25:19 Scout Tower
25:19 Scout Tower
26:58 Town Hall
28:04 Guard Tower
28:05 Guard Tower
28:07 Scout Tower
28:07 Scout Tower
28:40 Guard Tower
29:10 Scout Tower
29:10 Scout Tower
29:11 Scout Tower
29:11 Scout Tower
29:11 Scout Tower
29:12 Scout Tower
29:13 Scout Tower
29:14 Scout Tower
30:39 Guard Tower
30:40 Guard Tower
30:41 Guard Tower
30:42 Guard Tower
30:46 Scout Tower
30:46 Scout Tower
30:47 Scout Tower
30:47 Scout Tower
32:43 Lumber Mill
32:49 Farm
32:49 Farm
32:50 Farm
32:51 Farm
34:11 Guard Tower
34:12 Guard Tower
34:13 Guard Tower
34:14 Guard Tower
37:34 Town Hall
38:14 Farm
38:14 Farm
38:15 Farm
38:15 Farm
39:49 Farm
39:51 Farm
40:27 Farm
40:28 Farm
40:29 Farm
41:07 Farm
41:07 Farm
41:09 Farm
42:41 Barracks
42:44 Scout Tower
42:44 Scout Tower
42:45 Scout Tower
42:49 Scout Tower
42:50 Scout Tower
42:52 Scout Tower
42:53 Scout Tower
42:55 Keep
43:53 Lumber Mill
44:58 Blacksmith
45:01 Guard Tower
45:04 Guard Tower
45:23 Guard Tower
46:36 Guard Tower
48:59 Arcane Vault
49:32 Altar of Kings
49:35 Workshop
50:38 Scout Tower
50:39 Scout Tower
50:40 Scout Tower
50:41 Scout Tower
52:18 Guard Tower
52:20 Guard Tower
52:27 Guard Tower
55:27 Castle
» items
Lesser Clarity Potion12
Scroll of Regeneration6
Potion of Healing3
Potion of Mana2
Scroll of Town Portal11
Boots of Speed1
Dust of Appearance2
Potion of Lesser Invulnerability2
Orb of Lightning1
40 total
Random» OrcClowsaintpotsox (yellow | 62 APM | 2494 actions | 40:03)
Hero icon 5 Blademaster
Ability icon 2 Wind Walk
Ability icon 2 Critical Strike
Ability icon 1 Mirror Image

» actions
Assign group hotkey21
Build / train70
Enter build submenu24
Enter hero's abilities submenu5
Give item / drop item4
Remove unit from queue2
Right click1066
Select / deselect679
Select group hotkey545
Use ability78
2494 total
» units
Peon13
Troll Headhunter/Berserker20
Shaman5
Troll Witch Doctor3
Troll Batrider5
46 total
» upgrades
Troll Regeneration1
Ranged Weapons2
Berserker Upgrade1
Witch Doctor Training2
Shaman Training2
Armor1
Liquid Fire0
9 total
» buildings
Orc Burrow7
Altar of Storms1
Barracks2
Voodoo Lounge1
War Mill1
Stronghold1
Fortress1
Spirit Lodge2
Great Hall3
Watch Tower3
Beastiary2
24 total
» build order
00:36 Orc Burrow
00:49 Altar of Storms
01:17 Barracks
01:42 Orc Burrow
01:57 Voodoo Lounge
02:18 Orc Burrow
02:31 War Mill
03:19 Stronghold
03:52 Orc Burrow
05:41 Orc Burrow
05:43 Fortress
06:21 Orc Burrow
07:10 Spirit Lodge
07:27 Great Hall
07:31 Watch Tower
08:55 Watch Tower
09:47 Watch Tower
10:52 Spirit Lodge
10:56 Barracks
11:42 Great Hall
12:16 Orc Burrow
19:35 Beastiary
19:37 Beastiary
25:29 Great Hall
» items
Lesser Clarity Potion1
Healing Salve1
Scroll of Town Portal4
6 total
Orcfukyougringo (purple | 80 APM | 4798 actions | 59:39)
Hero icon 6 Blademaster
Ability icon 2 Wind Walk
Ability icon 3 Critical Strike
Ability icon 1 Bladestorm
Hero icon 4 Shadow Hunter
Ability icon 2 Hex
Ability icon 2 Healing Wave
Hero icon 4 Tauren Chieftain
Ability icon 2 War Stomp
Ability icon 2 Endurance Aura

» actions
Assign group hotkey213
Basic commands344
Build / train93
ESC pressed12
Enter build submenu24
Enter hero's abilities submenu14
Give item / drop item4
Remove unit from queue2
Right click1424
Select / deselect687
Select group hotkey1754
Use ability227
4798 total
» units
Peon10
Tauren16
Troll Witch Doctor8
Shaman8
Blue Drake1
Blue Dragon Whelp1
44 total
» upgrades
Armor3
Witch Doctor Training2
Shaman Training2
Pulverize1
Reinforced Defenses1
Melee Weapons1
10 total
» buildings
Orc Burrow12
Altar of Storms2
Voodoo Lounge1
War Mill1
Stronghold3
Fortress1
Spirit Lodge2
Tauren Totem2
Great Hall2
26 total
» build order
00:22 Orc Burrow
00:37 Altar of Storms
00:52 Voodoo Lounge
01:07 War Mill
02:34 Stronghold
02:34 Stronghold
02:55 Orc Burrow
03:09 Orc Burrow
04:59 Fortress
05:05 Spirit Lodge
06:21 Orc Burrow
06:52 Orc Burrow
07:26 Tauren Totem
07:32 Tauren Totem
08:07 Orc Burrow
22:54 Great Hall
27:22 Orc Burrow
28:20 Great Hall
31:14 Orc Burrow
35:40 Stronghold
35:44 Orc Burrow
38:01 Spirit Lodge
50:45 Orc Burrow
55:27 Orc Burrow
59:18 Altar of Storms
59:20 Orc Burrow
» items
Healing Salve3
Lesser Clarity Potion4
Boots of Speed2
Orb of Lightning2
Scroll of Town Portal2
Scroll of Protection1
Scroll of Healing1
Potion of Healing1
16 total
OrcRED-REINDEER (orange | 48 APM | 2924 actions | 61:09)
Hero icon 8 Blademaster
Ability icon 3 Critical Strike
Ability icon 3 Wind Walk
Ability icon 1 Bladestorm
Ability icon 1 Mirror Image

» actions
Assign group hotkey46
Basic commands139
Build / train96
Enter build submenu41
Enter hero's abilities submenu8
Give item / drop item3
Right click1244
Select / deselect404
Select group hotkey740
Use ability203
2924 total
» units
Peon27
Grunt3
Goblin Shredder2
Goblin Zeppelin2
Wind Rider13
Raider5
Goblin Sapper4
56 total
» upgrades
Reinforced Defenses1
Ranged Weapons2
Armor2
Liquid Fire1
Envenomed Spears1
Ensnare1
Pillage1
Melee Weapons1
10 total
» buildings
Altar of Storms1
Orc Burrow3
Barracks1
Voodoo Lounge2
Great Hall1
War Mill1
Stronghold1
Watch Tower74
Fortress2
Beastiary5
91 total
» build order
00:13 Altar of Storms
00:26 Orc Burrow
00:44 Barracks
01:27 Orc Burrow
01:59 Voodoo Lounge
03:24 Great Hall
03:54 War Mill
04:22 Stronghold
06:03 Watch Tower
06:19 Watch Tower
06:29 Watch Tower
06:48 Watch Tower
06:53 Fortress
06:53 Fortress
07:00 Beastiary
07:06 Watch Tower
07:10 Watch Tower
07:37 Beastiary
07:43 Orc Burrow
07:50 Watch Tower
07:58 Watch Tower
08:19 Voodoo Lounge
08:28 Watch Tower
08:28 Watch Tower
10:40 Watch Tower
10:40 Watch Tower
10:41 Watch Tower
10:42 Watch Tower
11:32 Watch Tower
11:56 Watch Tower
11:56 Watch Tower
11:57 Watch Tower
11:58 Watch Tower
12:03 Watch Tower
12:11 Watch Tower
12:11 Watch Tower
12:13 Watch Tower
12:13 Watch Tower
12:14 Watch Tower
13:43 Watch Tower
13:43 Watch Tower
13:44 Watch Tower
13:46 Watch Tower
13:49 Watch Tower
14:02 Watch Tower
14:36 Beastiary
16:15 Watch Tower
16:15 Watch Tower
16:15 Watch Tower
16:16 Watch Tower
16:17 Watch Tower
16:21 Watch Tower
17:28 Watch Tower
17:28 Watch Tower
17:30 Watch Tower
17:31 Watch Tower
17:31 Watch Tower
17:32 Watch Tower
17:32 Watch Tower
17:33 Watch Tower
17:58 Watch Tower
18:44 Beastiary
19:20 Beastiary
19:45 Watch Tower
19:47 Watch Tower
20:11 Watch Tower
20:11 Watch Tower
20:49 Watch Tower
20:49 Watch Tower
20:50 Watch Tower
20:50 Watch Tower
20:51 Watch Tower
20:51 Watch Tower
21:14 Watch Tower
21:15 Watch Tower
21:15 Watch Tower
21:16 Watch Tower
21:17 Watch Tower
21:19 Watch Tower
21:20 Watch Tower
21:21 Watch Tower
21:22 Watch Tower
33:29 Watch Tower
33:30 Watch Tower
33:32 Watch Tower
33:32 Watch Tower
37:23 Watch Tower
37:24 Watch Tower
37:24 Watch Tower
37:25 Watch Tower
37:25 Watch Tower
» items
Tiny Great Hall6
Healing Salve1
Orb of Lightning1
Scroll of Town Portal3
Lesser Clarity Potion1
Staff of Teleportation1
Potion of Lesser Invulnerability1
Scroll of Healing1
Boots of Speed1
16 total

Chat log

(00:29 / Allies) e1000e: hi
(01:09 / Allies) StormBlessed: yo
(01:40 / Allies) e1000e: units?
(01:48 / Allies) StormBlessed: taurens
(01:57 / Allies) e1000e: k

(07:19 / Allies) CaptainBooger: take it I help defend
(07:36 / Allies) Gaynigsoutrspac: lets creep that nearby
(08:06 / Allies) Gaynigsoutrspac: ty
(08:21 / Allies) Gaynigsoutrspac: come for heal

(10:12 / Allies) e1000e: red
(10:17 / Allies) StormBlessed: tauren coming
(10:25 / Allies) e1000e: cool
(10:32 / Allies) e1000e: gold anyone?

(12:21 / Allies) Gaynigsoutrspac: damn ogres crept
(12:28 / Allies) Gaynigsoutrspac: ty
(13:06 / Allies) e1000e: we should b

(15:12 / Allies) StormBlessed: om
(15:13 / Allies) StormBlessed: omw

(16:55 / Allies) StormBlessed: i think they have wards up

(18:32 / Allies) e1000e: gold fast
(18:33 / Allies) e1000e: for tp
(19:15 / Allies) StormBlessed: wood pl
(19:18 / Allies) StormBlessed: plz
(19:26 / Allies) StormBlessed: ty

(20:45 / All) CaptainBooger: STOOP KID'S AFRAID TO LEAE HIS STOOP
(20:50 / Allies) CaptainBooger: STOOP KID'S AFRAID TO LEAE HIS STOOP!
(21:30 / Allies) Gaynigsoutrspac: wrong base idiot
(21:32 / Allies) Gaynigsoutrspac: attack the one without towers
(21:36 / Allies) e1000e: wtb
(21:38 / Allies) e1000e: wtv
(21:47 / Allies) Gaynigsoutrspac: why you clowns attack the base with mass towers lol
(22:43 / All) ShaggyDI: LOL
(23:08 / All) CaptainBooger: try leaving your base, bub
(23:44 / All) Gaynigsoutrspac: priest is rallied to my hero and runs across the map
(23:45 / All) Gaynigsoutrspac: wtf
(24:09 / All) CaptainBooger: lol!
(24:41 / Allies) e1000e: lol

(26:23 / All) RED-REINDEER: only got 15k
(26:51 / Allies) e1000e: well
(27:36 / Allies) StormBlessed: could you get some copters green?
(28:31 / All) RED-REINDEER: only got 17k

(29:57 / Allies) CaptainBooger: tp there plz
(30:13 / Allies) CaptainBooger: greenie
(30:18 / Allies) Gaynigsoutrspac: wut
(30:31 / Allies) CaptainBooger: me ned help there
(30:35 / Allies) Gaynigsoutrspac: where? missed ping

(32:10 / Allies) e1000e: weel
(32:11 / Allies) e1000e: green
(32:12 / Allies) Gaynigsoutrspac: trade hood of cunning for jango?
(32:12 / Allies) e1000e: any help?
(32:13 / Allies) e1000e: lol
(32:19 / Allies) Gaynigsoutrspac: or that
(32:29 / Allies) e1000e: care sharing gold?
(32:30 / Allies) e1000e: lol
(32:45 / Allies) Gaynigsoutrspac: ?
(32:51 / Allies) StormBlessed: share please
(32:52 / Allies) e1000e: you guys have
(32:53 / Allies) e1000e: 12k
(32:54 / Allies) e1000e: and 15k
(32:58 / Allies) e1000e: can we get gold lol
(33:02 / Allies) Gaynigsoutrspac: it's in the mines
(33:04 / Allies) Gaynigsoutrspac: same place we got it
(33:16 / Allies) e1000e: damn
(33:24 / Allies) e1000e: why you playin 4s lol

(36:26 / All) RED-REINDEER: asshole blue
(36:55 / All) RED-REINDEER: lucky mofo
(36:58 / All) e1000e: lol
(37:10 / All) RED-REINDEER: not sure what is happening on ur side
(37:13 / All) RED-REINDEER: u guys shoulda won this already
(37:26 / All) StormBlessed: yeah, green and teal didnt realize they are playing 4s
(37:41 / All) RED-REINDEER: im doing pretty good too, only got 25k gold

(38:41 / All) CaptainBooger: Cocksucker
(39:31 / Allies) CaptainBooger: sh
(39:53 / All) RED-REINDEER: prick blue
(39:56 / All) RED-REINDEER: lol
(40:04 / All) RED-REINDEER: lets go men
(40:17 / Allies) e1000e: gold for hero?

(41:36 / All) CaptainBooger: Like the dragons? They keep the place safe nowadays
(41:42 / All) RED-REINDEER: wehre are they
(41:43 / All) ShaggyDI: I HAD NO IDEA
(41:51 / All) RED-REINDEER: wow

(43:56 / Allies) StormBlessed: you both cost us this game
(44:00 / Allies) Gaynigsoutrspac: grats
(44:06 / Allies) CaptainBooger: How?
(44:11 / Allies) StormBlessed: you played incredibly well, just not as a team
(44:13 / Allies) CaptainBooger: Your shabby play is what cost us!
(44:15 / Allies) Gaynigsoutrspac: afraid of another loss on your 454-524 record?
(44:23 / Allies) StormBlessed: i could give 2 shits about my record
(44:30 / Allies) StormBlessed: most of those are leaving games with asshats in them

(45:43 / Allies) Gaynigsoutrspac: leeching my xp you suck
(45:56 / All) RED-REINDEER: bad boy red
(45:57 / Allies) Gaynigsoutrspac: I could have mass tp if not for you
(45:59 / All) RED-REINDEER: u shouldnt have been there
(45:59 / Allies) StormBlessed: such a baby
(46:07 / All) Gaynigsoutrspac: Red isn't a team player
(46:11 / All) Gaynigsoutrspac: denied me the best ability in the game

(47:18 / All) RED-REINDEER: damn oops sorry team
(47:32 / All) RED-REINDEER: omw
(48:04 / Allies) CaptainBooger: out
(48:18 / All) RED-REINDEER: damn my team won that

(49:58 / Allies) CaptainBooger: ready for another battle?
(50:02 / Allies) Gaynigsoutrspac: yeah one sec
(50:02 / Allies) CaptainBooger: one more dragon then we take them!
(50:07 / Allies) Gaynigsoutrspac: getting some more air
(50:22 / All) RED-REINDEER: great businessman purple, put a tiny hall at a mine with 1.5k gold left

(51:57 / Allies) Gaynigsoutrspac: their heroes raping
(51:58 / Allies) Gaynigsoutrspac: gay focus
(52:08 / All) CaptainBooger: dragon dies I get 100 food
(52:14 / Allies) CaptainBooger: hacker purple
(52:15 / All) RED-REINDEER: lol
(52:20 / All) RED-REINDEER: fuck me
(52:24 / All) RED-REINDEER: when he mad its GG

(53:39 / Allies) CaptainBooger: purple went straight for sappers lol
(54:02 / All) RED-REINDEER: purple and pink are not talking
(54:09 / All) CaptainBooger: They are dead men walking
(54:33 / Allies) CaptainBooger: get magic sentry and grab a item tower
(54:41 / Allies) Gaynigsoutrspac: k
(54:57 / Allies) Gaynigsoutrspac: getting a couple gyros for reveal too
(55:12 / All) RED-REINDEER: k
(55:35 / Allies) Gaynigsoutrspac: my mass tp might not be able to transport my whole army cuz 24 unit limit
(56:16 / Allies) Gaynigsoutrspac: sec
(56:48 / All) RED-REINDEER: ill tp
(56:50 / All) RED-REINDEER: when u get there

(58:05 / All) RED-REINDEER: damn u guys won
(58:07 / All) ShaggyDI: gg
(58:10 / All) CaptainBooger: Don't start none won't be none
(58:22 / Allies) Gaynigsoutrspac: nice
(58:28 / All) fukyougringo: oj is joker
(58:33 / Allies) Gaynigsoutrspac: invis so good when they hero focus
(58:35 / All) CaptainBooger: Fuck you spic!

(59:42 / All) Gaynigsoutrspac: nice
(60:03 / All) RED-REINDEER: i was MVP this game, secured 5 expos
(60:04 / All) Gaynigsoutrspac: wow
(60:09 / All) Gaynigsoutrspac: shredder gives more gold with transmue than tauren
(60:16 / All) Gaynigsoutrspac: 300 vs 200 something
(60:17 / All) CaptainBooger: 375 gold
(60:23 / All) RED-REINDEER: cuz shredder cost more
(60:32 / All) Gaynigsoutrspac: does it, I doubt tauren costs less than 375 gold
(60:33 / All) Gaynigsoutrspac: hmm
(60:35 / All) Gaynigsoutrspac: maybe it does
(60:44 / All) RED-REINDEER: 280 gold
(60:45 / All) Gaynigsoutrspac: I wonder if it's based on unit level or unit cost
(60:49 / All) RED-REINDEER: no wood
(60:54 / All) CaptainBooger: cost
(60:54 / All) RED-REINDEER: shredder 100 wood
(60:56 / All) RED-REINDEER: should i leave
(61:01 / All) CaptainBooger: Aye